 Dungeon Crawl Stone Soup version 0.30-a0-585-g93115170b9 (webtiles) character file.

Game seed: 10068988156285822512

525 OTABOTABOTAB the Changer (level 7, -5/55 HPs)
             Began as a Yellow Draconian Transmuter on Jan 2, 2023.
             Slain by Erica
             ... wielding a +4 scimitar of flaming
              (13 damage)
             ... on level 8 of the Dungeon.
             The game lasted 00:10:08 (3700 turns).

OTABOTABOTAB the Changer (DrTm)                     Turns: 3700, Time: 00:10:08

Health: -5/55      AC:  2    Str: 12    XL:     7   Next: 2%
Magic:  17/19      EV: 20    Int: 15    God:
Gold:   168        SH:  0    Dex: 23    Spells: 2/10 levels left

rFire   . . .      SeeInvis .      - Unarmed
rCold   . . .      Faith    .    (shield currently unavailable)
rNeg    . . .      Spirit   .    (body armour unavailable)
rPois   x          Reflect  .    (helmet currently unavailable)
rElec   .          Harm     .    (cloak currently unavailable)
rCorr   .          Rampage  .    (gloves currently unavailable)
Will    .....                    (boots currently unavailable)
Stlth   ++                       (no amulet)
HPRegen 0.29/turn                l - ring of magical power {MP+9}
MPRegen 0.16/turn                h - +6 ring of dexterity

@: lethally poisoned (-5 -> -16), spider-form, attractive
A: venomous fangs, (spit acid), AC +6, tiny, unfitting armour, (cold-blooded),
(acid resistance)
a: End Transformation


You were on level 8 of the Dungeon.
You were a venomous arachnid creature.
You visited 2 branches of the dungeon, and saw 7 of its levels.

You collected 243 gold pieces.
You spent 75 gold pieces at shops.

Inventory:

Missiles
 d - 3 boomerangs
 n - 12 poisoned darts
 o - 3 atropa-tipped darts
 s - 6 stones (quivered)
Armour
 b - a +0 buckler (melded)
   (You found it on level 1 of the Dungeon)
 m - a +1 cloak (melded)
   (You found it on level 2 of the Dungeon)
Magical Staves
 j - a staff of poison {rPois}
   (You found it on level 2 of the Dungeon)
Jewellery
 h - a +6 ring of dexterity (right front leg)
   (You found it on level 2 of the Dungeon)
 l - a ring of magical power (left front leg) {MP+9}
   (You found it on level 2 of the Dungeon)
 X - a ring of resist corrosion
   (You found it on level 1 of the Dungeon)
Wands
 i - a wand of iceblast (11)
   (You found it on level 3 of the Dungeon)
Scrolls
 a - 2 scrolls of identify {@r1}
 c - a scroll of enchant weapon
 g - 3 scrolls of poison {!r}
 E - 4 scrolls of fear
 S - a scroll of summoning
 Y - 6 scrolls of teleportation {@r3}
Potions
 e - a potion of haste {unknown}
 k - a potion of cancellation
 p - a potion of curing {unknown}
 P - a potion of lignification {!q}


   Skills:
 - Level 2.0 Fighting
 - Level 2.2 Dodging
 - Level 1.3 Shields
 - Level 3.8 Unarmed Combat
 - Level 2.0 Spellcasting
 + Level 5.7 Transmutations
 - Level 3.0 Poison Magic


You had 2 spell levels left.
You knew the following spells:

 Your Spells              Type           Power      Damage    Failure   Level
a - Beastly Appendage     Tmut           36%        N/A       9%          1
b - Ice Form              Ice/Tmut       10%        N/A       77%         4
c - Spider Form           Tmut/Pois      14%        N/A       26%         3

Your spell library contained the following spells:

 Spells                   Type           Power      Damage    Failure   Level
 Wereblood                Tmut           18%        N/A       11%         2
 Apportation              Tloc           2%         N/A       43%         1
 Freeze                   Ice            4%         1d3       43%         1
 Scorch                   Fire           2%         2d5       54%         2
 Frozen Ramparts          Ice            2%         1d1       75%         3
 Hailstorm                Conj/Ice       1%         3d3       75%         3
 Alistair's Intoxication  Tmut/Pois      9%         N/A       87%         5
 Flame Wave               Conj/Fire      1%         2d4       98%         4
 Borgnjor's Vile Clutch   Necr/Erth      0%         N/A       100%        5
 Eringya's Noxious Bog    Tmut/Pois      7%         N/A       100%        6
 Summon Cactus Giant      Summ           0%         N/A       100%        6


Dungeon Overview and Level Annotations

Branches:
Dungeon (8/15)             Temple (1/1) D:5
   Lair: D:8-11

Altars:
Ashenzari
Dithmenos
Elyvilon
Gozag
Hepliaklqana
Makhleb
Nemelex Xobeh
Qazlal
Ru
Sif Muna
Trog
Uskayaw
Vehumet
Wu Jian
Xom
Yredelemnul
Zin
The Shining One

Shops:
D:2 =   D:3 [!*=   D:4 *

Annotations:
D:8 Erica


Innate Abilities, Weirdness & Mutations

You are a venomous arachnid creature.
You have poisonous fangs.
You are tiny and dextrous.
Your spellcasting is less reliable in this form.
Your armour is entirely melded.
You are incapable of wielding weapons or throwing items.
((You can spit globs of acid.))
((Your golden yellow scales are hard. (AC +6)))
You cannot fit into any form of body armour.
((You are cold-blooded and may be slowed by cold attacks.))
((You are resistant to acid. (rCorr)))


Message History

There is a staircase back to the Dungeon here.
Unknown command.
Found three altars.
There is a broken altar of Ashenzari here.
Found an opulent altar of Gozag.
Found a radiant altar of Vehumet and a glowing silver altar of Zin.
Found a burning altar of Makhleb and a hazy altar of Hepliaklqana.
Found an ornate altar of the Wu Jian Council.
Found a sparkling altar of Nemelex Xobeh.
Found a stormy altar of Qazlal.
Found a sacrificial altar of Ru.
There is a sparkling altar of Nemelex Xobeh here.
There is a sparkling altar of Nemelex Xobeh here.
There is a hazy altar of Hepliaklqana here.
Found a glowing golden altar of the Shining One.
Found a basalt altar of Yredelemnul.
There is an ornate altar of the Wu Jian Council here.
Done exploring.
Done exploring.
Done exploring.
Done exploring.
Done exploring.
Search for what [Enter for "altar", or ? for help]? altar
There is an ornate altar of the Wu Jian Council here.
There is a burning altar of Makhleb here.
There is a shimmering altar of Xom here.
There is a broken altar of Ashenzari here.
There is a staircase back to the Dungeon here.
You climb upwards.
Welcome back to the Dungeon!
There is a staircase to the Ecumenical Temple here.
Search for what [Enter for "altar", or ? for help]?
Sorry, I don't know how to get there.
Found a stone staircase leading up.
What are your orders? t - Shout!
Orders for allies: a - Attack new target. r - Retreat! s - Stop attacking. g - Guard the area. f - Follow me.
Anything else - Cancel.
Okay, then.
Unknown command.
You now have 156 gold pieces (gained 14).
There is a stone staircase leading up here.
A sourceless malevolence fills the Dungeon...
You fall into a shaft and drop 3 floors!
The shaft crumbles and collapses.
Found 12 gold pieces.
Found two stone staircases leading down.
You now have 168 gold pieces (gained 12).
p - an inky potion An orc comes into view.
It is wielding a +0 club.
Found a stone staircase leading down.
The orc shouts!
You throw a stone. The stone hits the orc.
You throw a stone. The stone closely misses the orc.
You throw a stone.
The stone hits the orc but does no damage.
Erica the Fiery-Tempered comes into view.
She is wielding a +4 scimitar of flaming.
You turn into a venomous arachnid creature.
Your +1 cloak melds into your body.
Your +0 buckler melds into your body.
You now have 16/19 mp.
Unknown command.
Erica shouts!
Erica casts a spell.
Erica flickers and vanishes!
Deactivating autopickup; reactivate with Ctrl-A.
The orc completely misses you.
You bite the orc!
You kill the orc!
You are confused.
Things that are here:
a +0 club; an orc corpse You hear some strange, mumbled words.
A bolt of poison appears from out of thin air!
The bolt of poison hits you!!
You are poisoned.
You take 22 damage, and have 33/55 hp.
MASSIVE DAMAGE!!
You feel extremely sick.
You take 8 damage, and have 25/55 hp.
You feel very sick.
You hear some strange, mumbled words.
A bolt of poison appears from out of thin air!
The bolt of poison misses you.
You take 6 damage, and have 19/55 hp.
* * * LOW HITPOINT WARNING * * *
You feel very sick.
You hear some strange, mumbled words.
Something tries to affect you, but you resist.
You take 5 damage, and have 14/55 hp.
You're too confused to move!
* * * LOW HITPOINT WARNING * * *
You feel very sick.
You take 3 damage, and have 11/55 hp.
It was a potion of attraction.
You feel attractive to monsters.
You feel less confused.
* * * LOW HITPOINT WARNING * * *
You feel very sick. Something hits you!
You die...

#$. #........... ##..
#........... ####...####
#........... .$........##
#...........
...........###...........
............##........>..
............###..........
.........)..##.......#...
........s......##########
...>..........##
.................
....#.........####
#####..###....# #..
###### #.. #..


There were no monsters in sight!

Vanquished Creatures
  Eustachio (D:5)
  Menkaure (D:4)
  A scorpion (D:4)
  A hound (D:5)
  2 adders (D:2)
  An ufetubus (D:4)
  A worm (D:2)
  A dart slug (D:1)
  8 orcs
  4 endoplasms
  5 giant cockroaches
  5 hobgoblins
  7 jackals
  2 quokkas
  8 ball pythons
  5 bats
  7 frilled lizards
  10 goblins
  7 kobolds
  4 rats
81 creatures vanquished.

Vanquished Creatures (collateral kills)
  A scorpion (D:4)
1 creature vanquished.

Grand Total: 82 creatures vanquished

Notes
Turn   | Place    | Note
-------+----------+-------------------------------------------
     0 | D:1      | OTABOTABOTAB the Draconian Transmuter began the quest for
                  | the Orb.
     0 | D:1      | Reached XP level 1. HP: 16/16 MP: 3/3
    79 | D:1      | Reached XP level 2. HP: 13/23 MP: 3/5
   184 | D:1      | Reached skill level 2 in Dodging
   768 | D:1      | Reached skill level 1 in Shields
   801 | D:1      | Reached XP level 3. HP: 27/29 MP: 4/6
  1094 | D:2      | Reached skill level 2 in Fighting
  1135 | D:2      | Found Yguf Tia's Jewellery Emporium.
  1370 | D:2      | Learned a level 3 spell: Spider Form
  1480 | D:2      | Reached XP level 4. HP: 36/36 MP: 7/7
  1632 | D:3      | Found a hide-covered altar of Uskayaw.
  1836 | D:3      | Found Rieta's Assorted Antiques.
  1844 | D:3      | Bought a scroll labelled VUV YSOSORIR for 25 gold pieces
  1844 | D:3      | Bought a scroll labelled VUV YSOSORIR for 25 gold pieces
  1844 | D:3      | Bought a scroll labelled XEOBAXUJAH for 25 gold pieces
  2072 | D:3      | Found Niheicach's Distillery.
  2138 | D:3      | Found a faded altar of an unknown god.
  2146 | D:3      | Reached skill level 1 in Poison Magic
  2177 | D:3      | Found Xiacsiown's Jewellery Boutique.
  2287 | D:3      | Found Uwyab's Antique Armour Emporium.
  2365 | D:4      | Noticed a scorpion
  2375 | D:4      | Killed a scorpion
  2376 | D:4      | Reached skill level 3 in Transmutations
  2376 | D:4      | Reached skill level 2 in Poison Magic
  2376 | D:4      | Reached XP level 5. HP: 41/41 MP: 8/8
  2544 | D:4      | Found Waosyfalama's General Store.
  2568 | D:4      | Noticed Menkaure
  2583 | D:4      | Found a white marble altar of Elyvilon.
  2916 | D:4      | Killed Menkaure
  2917 | D:4      | Reached skill level 4 in Transmutations
  2917 | D:4      | Reached skill level 3 in Poison Magic
  2917 | D:4      | Reached XP level 6. HP: 35/48 MP: 9/9
  2989 | D:5      | Entered Level 5 of the Dungeon
  3003 | D:5      | Learned a level 4 spell: Ice Form
  3130 | D:5      | Noticed Eustachio
  3158 | D:5      | HP: 11/48 [quokka[Eustachio] (3)]
  3299 | D:5      | Found a shimmering blue altar of Sif Muna.
  3426 | D:5      | Killed Eustachio
  3427 | D:5      | Reached skill level 5 in Transmutations
  3427 | D:5      | Your scales start taking on a golden yellow colour.
  3427 | D:5      | Reached XP level 7. HP: 52/55 MP: 10/10
  3427 | D:5      | Gained mutation: You are resistant to acid. (rCorr) [Yellow
                  | Draconian growth]
  3520 | D:5      | Found a staircase to the Ecumenical Temple.
  3526 | Temple   | Entered the Ecumenical Temple
  3654 | D:5      | You fall into a shaft and drop 3 floors!
  3689 | D:8      | Noticed Erica
  3699 | D:8      | HP: 11/55 [poisoned by Erica (bolt of poison)]
  3700 | D:8      | Slain by Erica

Illustrated notes

Levels and vault maps discovered:
D:1:      mrwooster_arrival_statue_2, layout_loops_ring
D:2:      layout_rooms, serial_shops, nicolae_lakefront_shop,
          minmay_misc_feat_roman
D:3:      layout_basic, nicolae_uskayaw_dance_hall,
          ebering_ecumenical_altar_box, serial_shops, shop,
          nicolae_shop_behind_doors, nicolae_shop_trees, nicolae_shop_waterfront
D:4:      layout_rooms, lemuel_doored_altar, serial_shops, shop, uniq_menkaure
D:5:      layout_rooms, nicolae_sif_muna_condensation, temple_fountains,
          uniq_eustachio
D:8:      layout_rooms, mainiacjoe_overflow_24_doors, minivault_4, uniq_erica
Temple:   eino_wide_crystal_templ

Skill      XL: |  1  2  3  4  5  6 |
---------------+-------------------+-----
Dodging        | 2 |  2.2
Shields        | 1 |  1.3
Fighting       | 2 |  2.0
Poison Magic   | 2 3 |  3.0
Transmutations | 3 4 5 |  5.7
Unarmed Combat | |  3.8
Spellcasting   | |  2.0

Action                   |  1- 3 |  4- 6 |  7- 9 || total
-------------------------+-------+-------+-------++-------
Melee: Unarmed           |   126 |   124 |     1 ||   251
       Headbutt          |    10 |     8 |       ||    18
       Kick              |    18 |    21 |       ||    39
       Tailslap          |    11 |    11 |       ||    22
Throw: Stone             |     5 |    21 |     3 ||    29
 Cast: Beastly Appendage |    28 |    13 |       ||    41
       Spider Form       |       |     7 |     2 ||     9
 Abil: End Transformatio |    19 |    11 |     1 ||    31
  Use: Scroll            |       |     9 |       ||     9
       Potion            |       |       |     1 ||     1
 Stab: Sleeping          |     1 |     2 |       ||     3
Armor: Skin              |    31 |    24 |       ||    55
Dodge: Dodged            |    61 |   129 |     2 ||   192
Block: Buckler           |    20 |    22 |       ||    42

Table legend: (Time is in decaauts)
 A = Elapsed time spent in this place.
 B = Non-inter-level travel time spent in this place.
 C = Inter-level travel time spent in this place.
 D = Time resting spent in this place.
 E = Time spent auto-exploring this place.
 F = Levels seen in this place.
 G = Mean time per level.
                   A        B        C        D        E       F      G
               +--------+--------+--------+--------+--------+-----+--------+
         Total |   3695 |   3554 |    141 |    366 |   2414 |   7 |  527.9 |
       Dungeon |   3612 |   3492 |    120 |    366 |   2363 |   6 |  602.0 |
        Temple |     83 |     62 |     21 |      0 |     51 |   1 |   83.0 |
               +--------+--------+--------+--------+--------+-----+--------+

Top non-repeatable levels by time:
     D:1: 881 daAuts
     D:4: 878 daAuts
     D:3: 737 daAuts
     D:2: 730 daAuts
     D:5: 339 daAuts
  Temple: 83 daAuts
     D:8: 46 daAuts

Table legend:
 A = Kills in this place as a percentage of kills in entire the game.
 B = Kills by you in this place as a percentage of kills by you in the entire game.
 C = Kills by friends in this place as a percentage of kills by friends in the entire game.
 D = Other kills in this place as a percentage of other kills in the entire game.
 E = Experience gained in this place as a percentage of experience gained in the entire game.
 F = Experience gained in this place divided by the number of levels of this place that you have seen.
                   A       B       C       D       E      F
               +-------+-------+-------+-------+-------+----------------------
         Total | 100.0 | 100.0 | 100.0 |   N/A | 100.0 | 107.1
       Dungeon | 100.0 | 100.0 | 100.0 |   N/A | 100.0 | 125.0
               +-------+-------+-------+-------+-------+----------------------
